 Dungeon Crawl Stone Soup version 0.29.1-12-g30fa7ad0bf (webtiles) character file.

Game seed: 12505726530027588850

205 bnorton916 the Magician (level 5, 0/28 HPs)
             Began as a Deep Elf Fire Elementalist on Dec 22, 2022.
             Was an Initiate of Sif Muna.
             Succumbed to a kobold brigand's curare-tipped dart
             ... on level 4 of the Dungeon.
             The game lasted 00:06:27 (4578 turns).

bnorton916 the Magician (DEFE)                      Turns: 4578, Time: 00:06:27

Health: 0/28       AC:  6    Str:  5    XL:     5   Next: 52%
Magic:  10/14      EV: 12    Int: 22    God:    Sif Muna [......]
Gold:   166        SH:  0    Dex: 15    Spells: 7/13 levels left

rFire   . . .      SeeInvis .   o - +1 dagger (flame)
rCold   . . .      Faith    .   t - orb {*channel}
rNeg    + . .      Spirit   .   a - +0 robe
rPois   .          Reflect  .   (no helmet)
rElec   .          Harm     .   (no cloak)
rCorr   .          Rampage  .   (no gloves)
Will    .....                   (no boots)
Stlth   ++........              (no amulet)
HPRegen 0.09/turn               h - ring of positive energy
MPRegen 0.14/turn               x - +4 ring of protection

@: lethally poisoned (0 -> -7), freezing walls, hasted and slowed
A: no striking features
a: Renounce Religion


You were on level 4 of the Dungeon.
You worshipped Sif Muna.
Sif Muna was noncommittal.
You visited 1 branch of the dungeon, and saw 4 of its levels.

You collected 166 gold pieces.

Inventory:

Hand Weapons
 m - a +2 dagger of draining
 o - a +1 dagger of flaming (weapon)
 s - a +0 hand crossbow
Missiles
 q - 45 stones
Armour
 a - a +0 robe (worn)
 t - an orb of energy (worn)
Jewellery
 h - a ring of positive energy (left hand)
 x - a +4 ring of protection (right hand)
Wands
 n - a wand of quicksilver (12)
Scrolls
 f - 3 scrolls of noise {unknown}
 g - 2 scrolls of magic mapping {unknown}
 i - 2 scrolls of vulnerability {unknown}
 k - a scroll of immolation {unknown}
 p - a scroll of teleportation {unknown}
 r - a scroll of poison {unknown}
 v - a scroll of brand weapon {unknown}
 w - a scroll of butterflies {unknown}
Potions
 b - a potion of magic
 c - a potion of invisibility {unknown}
 e - 2 potions of brilliance
 j - 3 potions of mutation
 u - a potion of attraction {unknown}


   Skills:
 - Level 2.4 Dodging
 - Level 2.4 Stealth
 + Level 4.7 Spellcasting
 + Level 3.3 Conjurations
 + Level 4.5 Fire Magic
 + Level 2.1 Ice Magic


You had 7 spell levels left.
You knew the following spells:

 Your Spells              Type           Power      Damage    Failure   Level
a - Foxfire               Conj/Fire      88%        2x1d8     1%          1
b - Frozen Ramparts       Ice            28%        1d5       13%         3
c - Scorch                Fire           50%        2d7       2%          2

Your spell library contained the following spells:

 Spells                   Type           Power      Damage    Failure   Level
 Shock                    Conj/Air       48%        1d6       5%          1
 Conjure Flame            Conj/Fire      22%        6-21      6%          3
 Inner Flame              Hex/Fire       15%        N/A       12%         3
 Passwall                 Tmut/Erth      4%         N/A       16%         2
 Dazzling Flash           Conj/Hex       24%        N/A       16%         3
 Stone Arrow              Conj/Erth      24%        3d8       16%         3
 Flame Wave               Conj/Fire      22%        2d8       21%         4
 Swiftness                Air            5%         N/A       30%         3
 Ice Form                 Ice/Tmut       9%         N/A       54%         4
 Summon Ice Beast         Ice/Summ       9%         N/A       54%         4
 Airstrike                Air            2%         2d(1-17)  71%         4
 Agony                    Necr           5%         N/A       96%         5
 Silence                  Hex/Air        2%         N/A       96%         5
 Statue Form              Tmut/Erth      3%         N/A       100%        6
 Lehudib's Crystal Spear  Conj/Erth      6%         10d3      100%        8


Dungeon Overview and Level Annotations

Branches:
Dungeon (4/15)
 Temple: D:4-7

Altars:
Sif Muna


Message History

You feel as though you will be slow longer.
You feel better.
Casting: Foxfire (safe; 1% risk of failure)
Confirm with . or Enter, or press ? or * to list all spells.
The spell is quite dangerous to miscast (13% risk of failure)!
Continue anyway? [Y]es or [N]o only, please.
The spell is quite dangerous to miscast (13% risk of failure)!
Continue anyway?
Okay, then.
Unknown command.
The kobold brigand throws a curare-tipped dart.
The curare-tipped dart barely misses you.
Casting: Frozen Ramparts (quite dangerous; 13% risk of failure)
Confirm with . or Enter, or press ? or * to list all spells.
You can't see any susceptible monsters within range! (Use Z to cast anyway.) Unknown command.
The kobold brigand throws a curare-tipped dart.
The curare-tipped dart hits you.
You are lethally poisoned!
You have difficulty breathing.
* * * LOW HITPOINT WARNING * * *
You feel as though you will be slow longer.
Unknown command.
Casting: Frozen Ramparts (quite dangerous; 13% risk of failure)
Confirm with . or Enter, or press ? or * to list all spells.
Okay, then.
Casting: Frozen Ramparts (quite dangerous; 13% risk of failure)
Confirm with . or Enter, or press ? or * to list all spells.
The spell is quite dangerous to miscast (13% risk of failure)!
Continue anyway? [Y]es or [N]o only, please.
The spell is quite dangerous to miscast (13% risk of failure)!
Continue anyway?
Casting: Frozen Ramparts (quite dangerous; 13% risk of failure)
Press: ? - help, Dir - look around, f - activate The walls around you are covered in ice.
* * * LOW HITPOINT WARNING * * *
You feel very sick.
The wall freezes the kobold brigand.
The kobold brigand throws a curare-tipped dart.
The curare-tipped dart barely misses you.
It was a potion of haste.
You feel yourself speed up.
You die...

#... #.~~.~≈..
#...##..~.~~.~
#..$..!...~≈~.
#......~~.~~..
#...K...~.≈~..
#......~~.≈~~.
#...##K~~.~~.~
#...##...~~~.~
#....@.~.†~~.~
#.........≈≈~.
#........~≈≈..
#...######≈≈#. .
#...##.# ≈≈####### ..
#......# ##.....##..
#...##.# ####.........
#...##.###..>.........
#...#.................


You could see a kobold brigand.

Vanquished Creatures
  A phantom (D:4)
  6 adders
  3 worms
  8 ball pythons
  5 endoplasms
  4 giant cockroaches
  6 goblins
  2 hobgoblins
  6 jackals
  4 quokkas
  9 bats
  2 frilled lizards
  7 kobolds
  6 rats
69 creatures vanquished.

Vanquished Creatures (others)
  352 foxfires
352 creatures vanquished.

Grand Total: 421 creatures vanquished

Notes
Turn   | Place    | Note
-------+----------+-------------------------------------------
     0 | D:1      | bnorton916 the Deep Elf Fire Elementalist began the quest
                  | for the Orb.
     0 | D:1      | Reached XP level 1. HP: 10/10 MP: 6/6
   302 | D:1      | Reached XP level 2. HP: 15/15 MP: 6/8
  1276 | D:2      | Found a faded altar of an unknown god.
  1412 | D:2      | Reached XP level 3. HP: 19/19 MP: 6/10
  1416 | D:2      | Learned a level 3 spell: Frozen Ramparts
  1688 | D:2      | Got Roxanne's Monograph on the Caves
  1808 | D:2      | Found the +1 robe of Vines {NoPotionHeal Regen++++}
  2018 | D:2      | Reached XP level 4. HP: 24/24 MP: 6/12
  2237 | D:2      | Reached skill level 1 in Ice Magic
  2296 | D:2      | Found a shimmering blue altar of Sif Muna.
  2370 | D:2      | Became a worshipper of Sif Muna the Loreminder
  3348 | D:3      | HP: 1/24 [adder (3)]
  4240 | D:3      | Learned a level 2 spell: Scorch
  4263 | D:4      | Noticed a phantom
  4275 | D:4      | Killed a phantom
  4276 | D:4      | Reached XP level 5. HP: 20/28 MP: 7/14
  4578 | D:4      | Succumbed to a kobold brigand's curare-tipped dart

Illustrated notes

Levels and vault maps discovered:
D:1:      dpeg_arrival_subterranean_lakeside_camping, layout_loops_ring
D:2:      layout_loops_ring, dreamdust_ecumenical_altar_angels_and_demons,
          serial_rivers, chequers_serial_rivers_micro_a,
          chequers_serial_rivers_micro_b, chequers_serial_rivers_small_3,
          chequers_serial_rivers_small_b, chequers_serial_rivers_small_a,
          chequers_serial_rivers_micro_d, basic_altar
D:3:      layout_loops_cross, kennysheep_generic_room_16
D:4:      layout_gridville, mainiacjoe_overflow_surrounded_room,
          ebering_ghost_disaster_area, chequers_serial_rivers_small_3,
          uniq_pikel

Skill      XL: |  1  2  3  4 |
---------------+-------------+-----
Conjurations   | 2 3 |  3.3
Fire Magic     | 4 |  4.5
Spellcasting   | 4 |  4.7
Ice Magic      | 2 |  2.1
Dodging        | |  2.4
Stealth        | |  2.4

Action                   |  1- 3 |  4- 6 || total
-------------------------+-------+-------++-------
 Cast: Foxfire           |   113 |    99 ||   212
       Frozen Ramparts   |       |     2 ||     2
  Use: Scroll            |       |     3 ||     3
       Potion            |       |     3 ||     3
Armor: Robe              |     3 |     3 ||     6
Dodge: Dodged            |     7 |    20 ||    27
